 Dungeon Crawl Stone Soup version 0.11.0-9-gb634444 (webtiles) character file.

821 Jarethor the Covered (level 7, -1/54 HPs)
             Began as a Human Fighter on Jan 21, 2013.
             Was a Follower of the Shining One.
             Slain by a gnoll
             ... wielding a +0,+2 flail of crushing
              (4 damage)
             ... on Level 5 of the Dungeon on Feb 9, 2013.
             The game lasted 00:44:15 (4702 turns).

Jarethor the Covered (Human Fighter)                Turns: 4702, Time: 00:44:16

HP  -1/54        AC  7     Str 16      XL: 7   Next: 52%
MP   6/6         EV  6     Int  8      God: the Shining One [*.....]
Gold 279         SH 19     Dex 14      Spells:  0 memorised,  6 levels left

Res.Fire  : . . .   See Invis. : +   o - +4,+1 short sword (freeze)
Res.Cold  : . . .   Warding    : .   b - +0 scale mail
Life Prot.: . . .   Conserve   : .   c - +0 shield
Res.Poison: .       Res.Corr.  : .   (no helmet)
Res.Elec. : .       Clarity    : .   (no cloak)
Sust.Abil.: . .     Spirit.Shd : .   (no gloves)
Res.Mut.  : .       Stasis     : .   (no boots)
Res.Rott. : .       Ctrl.Telep.: .   (no amulet)
Saprovore : . . .   Levitation : .   (no ring) Ctrl.Flight: .
                                     w - ring of see invisible

@: slightly resistant to hostile enchantments, extremely unstealthy
A: slow healing 1, Str -2, Dex +1
a: Renounce Religion


You were on level 5 of the Dungeon.
You worshipped the Shining One. the Shining One was pleased with you.
You were not hungry.

You visited 1 branch of the dungeon, and saw 5 of its levels.

You collected 259 gold pieces.

Inventory:

Hand weapons
 a - a +0,+0 mace
 e - a +0,+0 short sword
 g - a +2,+1 short sword
 h - a +0,+0 sling
 i - a +0,+0 short sword
 m - a -1,+2 orcish spear (quivered)
 o - a +4,+1 short sword of freezing (weapon)
 u - a +2,+1 elven dagger of speed
 y - a +0,+0 sling of flame
 z - a +0,+0 whip
Missiles
 t - 11 poisoned needles
 x - 34 stones
Armour
 b - a +0 scale mail (worn)
 c - a +0 shield (worn)
 f - a +0 orcish leather armour
 k - a +1 dwarven cloak
 l - a +0 ring mail
 n - a +0 robe
Comestibles
 d - 2 bread rations
Scrolls
 p - 2 scrolls of remove curse {unknown}
 r - 3 scrolls of identify
Jewellery
 w - a ring of see invisible (left hand)
Potions
 q - a potion of curing
 s - a potion of confusion
 v - a potion of speed
Books
 j - a book of Wizardry

   Spells                             Type                      Level
   Summon Elemental                   Summoning                    4
   Agony                              Necromancy                   5
   Lightning Bolt                     Conjuration/Air              5
   Fireball                           Conjuration/Fire             5
   Haste                              Charms                       6
   Invisibility                       Hexes                        6
 A - a Grand Grimoire {highlevel}

   This book is beyond your current level of understanding.

   Spells                             Type                      Level
   Demonic Horde                      Summoning                    6
   Mass Abjuration                    Summoning                    6
   Haunt                              Necromancy/Summoning         7
   Summon Greater Demon               Summoning                    7
   Malign Gateway                     Summoning/Translocation      7
   Summon Horrible Things             Summoning                    8
   The Shining One opposes the use of such an unholy item.


   Skills:
 + Level 3,7 Fighting
 + Level 3,1 Short Blades
 + Level 2,4 Maces & Flails
 + Level 4,6 Armour
 + Level 3,0 Dodging
 + Level 0,3 Stealth
 + Level 0,2 Stabbing
 + Level 4,5 Shields
 + Level 1,0 Traps & Doors


You had 6 spell levels left.
You didn't know any spells.

Dungeon Overview and Level Annotations

Branches:
Dungeon (5/27)
 Temple: D:4-7

Altars:
Elyvilon
Trog
Xom
Zin
the Shining One


Innate Abilities, Weirdness & Mutations

Your muscles are flexible, but weak (Str -1, Dex +1).
You heal slowly.
You are weak (Str -1).


Message History

You hit the gnoll but do no damage.
The gnoll is moderately wounded.
The gnoll hits you from afar with a spear.
* * * LOW HITPOINT WARNING * * *
You block the gnoll's attack. The gnoll hits you but does no damage.
You block the gnoll's attack.
You hit the gnoll. You freeze the gnoll.
The gnoll is almost dead.
You block the gnoll's attack. The gnoll hits you but does no damage.
You block the gnoll's attack. The gnoll hits you.
* * * LOW HITPOINT WARNING * * *
The gnoll hits you with a glowing flail!
* * * LOW HITPOINT WARNING * * *
You hit the gnoll. You freeze the gnoll.
You kill the gnoll!
The gnoll hits you from afar with a spear.
* * * LOW HITPOINT WARNING * * *
The gnoll barely misses you.
The gnoll hits you with a glowing flail.
You die...

#.# #.# #.# #(# #.#
#.# #.# #(# #.# #.#
#####.#### #.#
#........# #)#
#...>....######.###
#.@)...............
#.ggg....######.###
#$.................
#........##########
#........#
#.......>#
##########


You could see 3 gnolls.

Vanquished Creatures
  2 black bears (D:5)
  An ogre (D:4)
  A hound (D:4)
  An iguana (D:4)
  A scorpion (D:4)
  A worker ant (D:5)
  A gnoll (D:5)
  4 adders
  An adder zombie (D:5)
  An adder skeleton (D:4)
  An inept feature mimic (D:2)
  2 worms
  A giant eyeball (D:2)
  An ooze (D:3)
  11 orcs
  14 bats
  2 giant cockroaches (D:2)
  15 goblins
  6 hobgoblins
  5 kobolds
  A quokka (D:4)
  2 ball pythons
  3 giant newts
  7 jackals
  A quokka skeleton (D:5)
  12 rats
  2 toadstools
100 creatures vanquished.

Vanquished Creatures (others)
  2 rats (D:1)
  6 toadstools
8 creatures vanquished.

Grand Total: 108 creatures vanquished

Notes
Turn   | Place    | Note
--------------------------------------------------------------
     0 | D:1      | Jarethor, the Human Fighter, began the quest for the Orb.
     0 | D:1      | Reached XP level 1. HP: 18/18 MP: 0/0
   215 | D:1      | Reached XP level 2. HP: 9/24 MP: 1/1
   918 | D:1      | Reached skill level 1 in Dodging
  1006 | D:2      | Found a glowing golden altar of the Shining One.
  1035 | D:2      | Became a worshipper of the Shining One
  1076 | D:2      | Found a white marble altar of Elyvilon.
  1079 | D:2      | Reached XP level 3. HP: 28/30 MP: 2/2
  1692 | D:2      | Reached XP level 4. HP: 25/36 MP: 3/3
  2343 | D:3      | Reached skill level 1 in Short Blades
  2553 | D:3      | Found a glowing silver altar of Zin.
  2866 | D:3      | Reached XP level 5. HP: 27/41 MP: 4/4
  3200 | D:4      | Noticed an ogre
  3200 | D:4      | Acquired the Shining One's first power
  3207 | D:4      | Killed an ogre
  3207 | D:4      | Reached skill level 4 in Armour
  3247 | D:4      | Reached skill level 1 in Traps & Doors
  3247 | D:4      | Reached XP level 6. HP: 30/48 MP: 5/5
  3610 | D:4      | Found a shimmering altar of Xom.
  4078 | D:5      | Entered Level 5 of the Dungeon
  4220 | D:5      | Found a bloodstained altar of Trog.
  4220 | D:5      | Noticed a black bear
  4221 | D:5      | Noticed a black bear
  4242 | D:5      | Killed a black bear
  4242 | D:5      | Reached XP level 7. HP: 39/54 MP: 6/6
  4252 | D:5      | Killed a black bear
  4500 | D:5      | Gained mutation: You heal slowly. [potion of mutation]
  4500 | D:5      | Gained mutation: Your muscles are flexible, but weak (Str -1, Dex +1). [potion of mutation]
  4500 | D:5      | Gained mutation: You are weak (Str -1). [potion of mutation]
  4702 | D:5      | Slain by a gnoll
